TOP OF THE 1ST |
Calgary Flames batting - Pitching for Tijuana Toros : RHP Drew Manderfield
|
Pitching: RHP Drew Manderfield
|
|
Batting: RHB Elias Vences
|
0-0: Called Strike 0-1: Ball 1-1: Ball 2-1: Foul Ball, location: 2F 2-2: Ball 3-2: Base on Balls
|
Batting: RHB Norinaga Yamakawakamatsu
|
0-0: Ball Elias Vences steals 2nd base 1-0: Called Strike 1-1: Fly out, F7 (Flyball, 78M, EV 94.4 MPH)
|
Batting: RHB Victor Contreras
|
0-0: Ball 1-0: Called Strike 1-1: Foul Ball, location: 2F 1-2: Strikes out swinging
|
Batting: RHB Edgardo Rivera
|
0-0: Called Strike 0-1: Foul Ball, location: 2F 0-2: Strikes out swinging
|
Top of the 1st over - 0 runs, 0 hits, 0 errors, 1 left on base; Calgary 0 - Tijuana 0 |
BOTTOM OF THE 1ST |
Tijuana Toros batting - Pitching for Calgary Flames : RHP Bruce Boivin
|
Pitching: RHP Bruce Boivin
|
|
Batting: SHB Javy Franco
|
0-0: Called Strike 0-1: Ball 1-1: Ball 2-1: Fly out, F9 (Flyball, 89S, EV 76.2 MPH)
|
Batting: RHB Adam Maczko
|
0-0: Ball 1-0: Ball 2-0: Swinging Strike 2-1: Ball 3-1: Base on Balls
|
Batting: RHB Carlos Gonzalez
|
0-0: Ball 1-0: Ball 2-0: Foul Ball, location: 2F 2-1: Foul Ball, location: 2F 2-2: Foul Ball, location: 2F 2-2: Foul Ball, location: 2F 2-2: Grounds into double play, 6-4-3 (Groundball, 6, EV 93.1 MPH)
|
Bottom of the 1st over - 0 runs, 0 hits, 0 errors, 0 left on base; Calgary 0 - Tijuana 0 |
TOP OF THE 2ND |
Calgary Flames batting - Pitching for Tijuana Toros : RHP Drew Manderfield
|
Batting: RHB Willie Torres
|
0-0: Called Strike 0-1: Swinging Strike 0-2: Ball 1-2: Ball 2-2: Foul Ball, location: 2F 2-2: Strikes out swinging
|
Batting: SHB Yu-hsui Lew
|
0-0: Ball 1-0: Ground out 6-3 (Groundball, 6M, EV 81.9 MPH)
|
Batting: LHB Gary Corrales
|
0-0: Ball 1-0: Foul Ball, location: 2F 1-1: Fly out, F7 (Flyball, 78D, EV 97.5 MPH)
|
Top of the 2nd over - 0 runs, 0 hits, 0 errors, 0 left on base; Calgary 0 - Tijuana 0 |
BOTTOM OF THE 2ND |
Tijuana Toros batting - Pitching for Calgary Flames : RHP Bruce Boivin
|
Batting: RHB John Hanson
|
0-0: Ball 1-0: Fly out, F7 (Flyball, 7, EV 78.1 MPH)
|
Batting: RHB Yok-sing Zhào
|
0-0: Called Strike 0-1: Ball 1-1: Ground out 4-3 (Groundball, 4, EV 86.9 MPH)
|
Batting: RHB Alex Diaz
|
0-0: Fly out, F8 (Flyball, 78M, EV 86.2 MPH)
|
Bottom of the 2nd over - 0 runs, 0 hits, 0 errors, 0 left on base; Calgary 0 - Tijuana 0 |
TOP OF THE 3RD |
Calgary Flames batting - Pitching for Tijuana Toros : RHP Drew Manderfield
|
Batting: RHB Tyler Johnson
|
0-0: Called Strike 0-1: Called Strike 0-2: Strikes out swinging
|
Batting: RHB Pablo Henriquez
|
0-0: Foul Ball, location: 2F 0-1: Ball 1-1: Ball 2-1: Ball 3-1: Base on Balls
|
Batting: RHB Elias Vences
|
0-0: Ball Pablo Henriquez is caught stealing 2nd base 2-4 1-0: Swinging Strike 1-1: Ball 2-1: Ground out 6-3 (Groundball, 6M, EV 85.6 MPH)
|
Top of the 3rd over - 0 runs, 0 hits, 0 errors, 0 left on base; Calgary 0 - Tijuana 0 |
BOTTOM OF THE 3RD |
Tijuana Toros batting - Pitching for Calgary Flames : RHP Bruce Boivin
|
Batting: RHB Tan-ming Kwan
|
0-0: Fly out, F8 (Flyball, 8LM, EV 93.1 MPH)
|
Batting: RHB Mario Diaz
|
0-0: Ball 1-0: Swinging Strike 1-1: SINGLE (Groundball, 34S, EV 65.6 MPH) (infield hit)
|
Batting: RHB Guillermo Puente
|
0-0: Swinging Strike 0-1: Ball 1-1: Ball Mario Diaz steals 2nd base 2-1: Called Strike 2-2: Ball 3-2: Base on Balls
|
Batting: SHB Javy Franco
|
0-0: Called Strike Mario Diaz is caught stealing 3rd base 2-5 0-1: Ball 1-1: Ball 2-1: Ball 3-1: Foul Ball, location: 2F 3-2: Base on Balls Guillermo Puente to second
|
Batting: RHB Adam Maczko
|
0-0: Ball 1-0: Foul Ball, location: 2F 1-1: Fly out, F8 (Flyball, 8LD, EV 103.8 MPH)
|
Bottom of the 3rd over - 0 runs, 1 hit, 0 errors, 2 left on base; Calgary 0 - Tijuana 0 |
TOP OF THE 4TH |
Calgary Flames batting - Pitching for Tijuana Toros : RHP Drew Manderfield
|
Batting: RHB Norinaga Yamakawakamatsu
|
0-0: Foul Ball, location: 2F 0-1: Foul Ball, location: 2F 0-2: Ball 1-2: Ball 2-2: Strikes out swinging
|
Batting: RHB Victor Contreras
|
0-0: Ground out 5-3 (Groundball, 56S, EV 85.0 MPH)
|
Batting: RHB Edgardo Rivera
|
0-0: Ball 1-0: Ball 2-0: Ball 3-0: Base on Balls
|
Batting: RHB Willie Torres
|
0-0: Ball 1-0: Ball 2-0: Foul Ball, location: 2F 2-1: Ball 3-1: Foul Ball, location: 2F 3-2: Foul Ball, location: 2F 3-2: Foul Ball, location: 2F 3-2: Strikes out swinging
|
Top of the 4th over - 0 runs, 0 hits, 0 errors, 1 left on base; Calgary 0 - Tijuana 0 |
BOTTOM OF THE 4TH |
Tijuana Toros batting - Pitching for Calgary Flames : RHP Bruce Boivin
|
Batting: RHB Carlos Gonzalez
|
0-0: Called Strike 0-1: Foul Ball, location: 2F 0-2: Strikes out swinging
|
Batting: RHB John Hanson
|
0-0: Called Strike 0-1: Called Strike 0-2: Foul Ball, location: 2F 0-2: Foul Ball, location: 2F 0-2: Strikes out swinging
|
Batting: RHB Yok-sing Zhào
|
0-0: Fly out, F9 (Flyball, 9, EV 75.6 MPH)
|
Bottom of the 4th over - 0 runs, 0 hits, 0 errors, 0 left on base; Calgary 0 - Tijuana 0 |
TOP OF THE 5TH |
Calgary Flames batting - Pitching for Tijuana Toros : RHP Drew Manderfield
|
Batting: SHB Yu-hsui Lew
|
0-0: Ball 1-0: Ball 2-0: Foul Ball, location: 2F 2-1: Ground out U3 (Groundball, 34, EV 95.0 MPH)
|
Batting: LHB Gary Corrales
|
0-0: Called Strike 0-1: Called Strike 0-2: Ball 1-2: Ball 2-2: Foul Ball, location: 2F 2-2: Strikes out swinging
|
Batting: RHB Tyler Johnson
|
0-0: SINGLE (Groundball, 56D, EV 101.9 MPH)
|
Batting: RHB Pablo Henriquez
|
0-0: Called Strike 0-1: Foul Ball, location: 2F 0-2: Ball 1-2: Ground out 4-3 (Groundball, 4, EV 79.4 MPH)
|
Top of the 5th over - 0 runs, 1 hit, 0 errors, 1 left on base; Calgary 0 - Tijuana 0 |
BOTTOM OF THE 5TH |
Tijuana Toros batting - Pitching for Calgary Flames : RHP Bruce Boivin
|
Batting: RHB Alex Diaz
|
0-0: Called Strike 0-1: Ground out 6-3 (Groundball, 6MS, EV 71.2 MPH)
|
Batting: RHB Tan-ming Kwan
|
0-0: Ball 1-0: Ball 2-0: Ground out 5-3 (Groundball, 56S, EV 85.6 MPH)
|
Batting: RHB Mario Diaz
|
0-0: Ball 1-0: Ball 2-0: Swinging Strike 2-1: Fly out, F8 (Flyball, 8LD, EV 101.2 MPH)
|
Bottom of the 5th over - 0 runs, 0 hits, 0 errors, 0 left on base; Calgary 0 - Tijuana 0 |
TOP OF THE 6TH |
Calgary Flames batting - Pitching for Tijuana Toros : RHP Drew Manderfield
|
Batting: RHB Elias Vences
|
0-0: Ball 1-0: Ball 2-0: Foul Ball, location: 2F 2-1: Ball 3-1: Base on Balls
|
Pitching: RHP Juan Serrano
|
|
Batting: RHB Norinaga Yamakawakamatsu
|
0-0: Swinging Strike 0-1: Swinging Strike 0-2: Strikes out swinging
|
Batting: RHB Victor Contreras
|
0-0: Called Strike Elias Vences steals 2nd base 0-1: Foul Ball, location: 2F 0-2: Ball 1-2: Ball 2-2: Ball 3-2: Base on Balls
|
Batting: RHB Edgardo Rivera
|
0-0: Foul Ball, location: 2F 0-1: Fly out, F7 (Flyball, 7D, EV 101.2 MPH)
|
Batting: RHB Willie Torres
|
0-0: Ground out U3 (Groundball, 3L, EV 105.6 MPH)
|
Top of the 6th over - 0 runs, 0 hits, 0 errors, 2 left on base; Calgary 0 - Tijuana 0 |
BOTTOM OF THE 6TH |
Tijuana Toros batting - Pitching for Calgary Flames : RHP Bruce Boivin
|
Batting: RHB Guillermo Puente
|
0-0: Foul Ball, location: 2F 0-1: Ball 1-1: Called Strike 1-2: Foul Ball, location: 2F 1-2: Strikes out swinging
|
Batting: SHB Javy Franco
|
0-0: Ball 1-0: Called Strike 1-1: Ground out 6-3 (Groundball, 6, EV 103.1 MPH)
|
Batting: RHB Adam Maczko
|
0-0: Ball 1-0: Ball 2-0: Ball 3-0: Called Strike 3-1: Swinging Strike 3-2: Base on Balls
|
Batting: RHB Carlos Gonzalez
|
0-0: Foul Ball, location: 2F 0-1: Fly out, F9 (Flyball, 9S, EV 91.9 MPH)
|
Bottom of the 6th over - 0 runs, 0 hits, 0 errors, 1 left on base; Calgary 0 - Tijuana 0 |
TOP OF THE 7TH |
Calgary Flames batting - Pitching for Tijuana Toros : RHP Juan Serrano
|
Batting: SHB Yu-hsui Lew
|
0-0: Ball 1-0: Called Strike 1-1: Ball 2-1: Fly out, F6 (Line Drive, 6M, EV 70.0 MPH)
|
Batting: LHB Gary Corrales
|
0-0: Called Strike 0-1: Fly out, F7 (Flyball, 7S, EV 91.2 MPH)
|
Batting: RHB Tyler Johnson
|
0-0: Foul Ball, location: 2F 0-1: Called Strike 0-2: Hit by Pitch
|
Batting: RHB Pablo Henriquez
|
0-0: Called Strike 0-1: Ball 1-1: Ball 2-1: Fly out, F7 (Line Drive, 7, EV 88.1 MPH)
|
Top of the 7th over - 0 runs, 0 hits, 0 errors, 1 left on base; Calgary 0 - Tijuana 0 |
BOTTOM OF THE 7TH |
Tijuana Toros batting - Pitching for Calgary Flames : RHP Bruce Boivin
|
Batting: RHB John Hanson
|
0-0: Called Strike 0-1: Swinging Strike 0-2: Strikes out swinging
|
Pinch Hitting: RHB Djoka Subasic
|
0-0: Ball 1-0: Ball 2-0: Fly out, F9 (Line Drive, 9S, EV 101.2 MPH)
|
Pinch Hitting: RHB Felipe Rivera
|
0-0: Swinging Strike 0-1: Foul Ball, location: 2F 0-2: Ball 1-2: Ball 2-2: Ball 3-2: Fly out, F9 (Line Drive, 9D, EV 92.5 MPH)
|
Bottom of the 7th over - 0 runs, 0 hits, 0 errors, 0 left on base; Calgary 0 - Tijuana 0 |
TOP OF THE 8TH |
Calgary Flames batting - Pitching for Tijuana Toros : RHP Juan Serrano
|
Now at 3B: Felipe Rivera
|
|
Now at SS: Mario Diaz
|
|
Now in LF: Pedro Garza
|
|
Now in RF: Tan-ming Kwan
|
|
Batting: RHB Elias Vences
|
0-0: Ball 1-0: Ball 2-0: Foul Ball, location: 2F 2-1: Swinging Strike 2-2: Ball 3-2: Foul Ball, location: 2F 3-2: Ground out U3 (Groundball, 3, EV 83.1 MPH)
|
Batting: RHB Norinaga Yamakawakamatsu
|
0-0: SINGLE (Groundball, 4M, EV 77.5 MPH) (infield hit)
|
Batting: RHB Victor Contreras
|
0-0: Ball 1-0: TRIPLE (Line Drive, 78XD, EV 105.0 MPH) Norinaga Yamakawakamatsu scores
|
Batting: RHB Edgardo Rivera
|
0-0: Intentional Walk
|
Batting: RHB Mick Vaught
|
0-0: Grounds into double play, 6-4-3 (Groundball, 6, EV 86.9 MPH)
|
Top of the 8th over - 1 run, 2 hits, 0 errors, 1 left on base; Calgary 1 - Tijuana 0 |
BOTTOM OF THE 8TH |
Tijuana Toros batting - Pitching for Calgary Flames : RHP Bruce Boivin
|
Pinch Hitting: LHB Jose Diaz
|
0-0: Called Strike 0-1: Ground out 4-3 (Groundball, 4, EV 80.0 MPH)
|
Pinch Hitting: SHB Alex Noval
|
0-0: Ball 1-0: Swinging Strike 1-1: Ball 2-1: Foul Ball, location: 2F 2-2: Ball 3-2: Strikes out swinging
|
Pinch Hitting: RHB Guo Kwok
|
0-0: Ball 1-0: Ball 2-0: Reached on error, E6 (Groundball, 6, EV 90.6 MPH)
|
Batting: SHB Javy Franco
|
0-0: Ball 1-0: Called Strike 1-1: Ball 2-1: Ball 3-1: Foul Ball, location: 2F 3-2: Base on Balls Guo Kwok to second
|
Batting: RHB Adam Maczko
|
0-0: Ball Wild Pitch! Guo Kwok to third Javy Franco to second 1-0: Foul Ball, location: 2F 1-1: Ball 2-1: Fly out, F7 (Flyball, 7, EV 77.5 MPH)
|
Bottom of the 8th over - 0 runs, 0 hits, 1 error, 2 left on base; Calgary 1 - Tijuana 0 |
TOP OF THE 9TH |
Calgary Flames batting - Pitching for Tijuana Toros : RHP Juan Serrano
|
Now at SS: Erick Hamburger
|
|
Now in CF: Alex Noval
|
|
Now in RF: Jerry Afghani
|
|
Batting: SHB Yu-hsui Lew
|
0-0: Foul Ball, location: 2F 0-1: Swinging Strike 0-2: Fly out, F8 (Line Drive, 89M, EV 107.5 MPH)
|
Batting: LHB Gary Corrales
|
0-0: Swinging Strike 0-1: Called Strike 0-2: Ground out 4-3 (Groundball, 4, EV 105.6 MPH)
|
Batting: RHB Tyler Johnson
|
0-0: Ball 1-0: Called Strike 1-1: Foul Ball, location: 2F 1-2: Strikes out swinging
|
Top of the 9th over - 0 runs, 0 hits, 0 errors, 0 left on base; Calgary 1 - Tijuana 0 |
BOTTOM OF THE 9TH |
Tijuana Toros batting - Pitching for Calgary Flames : RHP Bruce Boivin
|
Pitching: LHP Trevor Lewis
|
|
Now in LF: Gary Corrales
|
|
Now in RF: Antonio Martinez
|
|
Batting: RHB Carlos Gonzalez
|
0-0: Swinging Strike 0-1: Ball 1-1: Ball 2-1: Swinging Strike 2-2: Strikes out swinging
|
Batting: RHB John Hanson
|
0-0: Ball 1-0: Swinging Strike 1-1: Ball 2-1: Ball 3-1: Foul Ball, location: 2F 3-2: SINGLE (Line Drive, 8RM, EV 96.2 MPH)
|
Batting: LHB Pedro Garza
|
0-0: Foul Ball, location: 2F 0-1: Ball 1-1: Ball 2-1: Fielders Choice at 2nd, 4-6 (Groundball, 34, EV 81.9 MPH)
|
Batting: RHB Felipe Rivera
|
0-0: Ball 1-0: SINGLE (Line Drive, 8LS, EV 94.4 MPH) Pedro Garza to second Runner from 2nd tries for 3rd, SAFE, throw by CF made to third
|
Batting: RHB Jerry Afghani
|
0-0: Swinging Strike 0-1: Ball 1-1: Foul Ball, location: 2F 1-2: Foul Ball, location: 2F 1-2: Strikes out swinging
|
Bottom of the 9th over - 0 runs, 2 hits, 0 errors, 2 left on base; Calgary 1 - Tijuana 0 |
|